 Dungeon Crawl Stone Soup version 0.26.0-15-gc6cd9f700b (webtiles) character file.

Game seed: 11128563705617803843

15 xSliceyx the Vexing (level 2, 0/11 HPs)
             Began as a Felid Enchanter on Jan 16, 2021.
             Slain by a leopard gecko (1 damage)
             ... on level 1 of the Dungeon.
             The game lasted 00:02:39 (420 turns).

xSliceyx the Vexing (Felid Enchanter)                Turns: 420, Time: 00:02:39

Health: 0/11       AC:  1    Str:  4    XL:     2   Next: 34%
Magic:  6/6        EV: 18    Int: 16    God:
Gold:   14         SH:  0    Dex: 16    Spells: 4/5 levels left
                                        Lives:  0   Deaths: 0

rFire    . . .     SeeInvis +     - Unarmed
rCold    . . .     Faith    .   (shield unavailable)
rNeg     . . .     Spirit   .   (armour unavailable)
rPois    .         Reflect  .   (helmet unavailable)
rElec    .         Harm     .   (cloak unavailable)
rCorr    .         Rampage  .   (gloves unavailable)
Will     .....                  (boots unavailable)
Stlth    +++.......             h - amulet of regeneration
HPRegen  0.43/turn              (no ring)
MPRegen  0.10/turn              (no ring)

@: quick
A: very small, no armour, no weapons or thrown items, stealth, claws 1, fangs 3,
see invisible, speed 1, shaggy fur 1, sharp paws
a: no special abilities


You were on level 1 of the Dungeon.
You visited 1 branch of the dungeon, and saw 1 of its levels.

You collected 14 gold pieces.

Inventory:

Jewellery
 h - an amulet of regeneration (around neck)
Scrolls
 d - 2 scrolls of blinking {unknown}
 f - a scroll of teleportation {unknown}
 g - a scroll of identify {unknown}
Potions
 a - a potion of magic {unknown}
 b - a potion of mutation {unknown}
 c - a potion of degeneration {unknown}
 e - a potion of haste {unknown}


   Skills:
 + Level 3.0 Dodging
 + Level 4.2 Stealth
 + Level 1.3 Unarmed Combat
 + Level 2.2 Spellcasting
 + Level 4.6 Hexes


You had 4 spell levels left.
You knew the following spells:

 Your Spells              Type           Power        Failure   Level
a - Corona                Hex            17%          3%          1

Your spell library contained the following spells:

 Spells                   Type           Power        Failure   Level
 Confusing Touch          Hex            16%          9%          3
 Tukima's Dance           Hex            16%          9%          3
 Ensorcelled Hibernation  Hex/Ice        18%          12%         2
 Dazzling Flash           Conj/Hex       18%          24%         3


Dungeon Overview and Level Annotations

Branches:
Dungeon (1/15)

Altars:


Innate Abilities, Weirdness & Mutations

You cannot wear armour.
You are incapable of wielding weapons or throwing items.
Your paws allow you to move quietly. (Stealth)
You have sharp claws.
You have razor-sharp teeth.
You have supernaturally acute eyesight. (SInv)
You cover ground quickly.
You are covered in fur. (AC +1)
Your sharp claws are effective at attacking unaware monsters.


Message History

No target in view!
A leopard gecko comes into view.
A leopard gecko is nearby!
You barely miss the leopard gecko. The leopard gecko misses you.
You closely miss the leopard gecko. Your bite misses the leopard gecko.
The leopard gecko closely misses you.
You miss the leopard gecko. The leopard gecko bites you.
You scratch the leopard gecko. Your bite misses the leopard gecko.
The leopard gecko is heavily wounded.
The leopard gecko bites you.
You are too injured to fight recklessly!
You are too injured to fight recklessly!
You closely miss the leopard gecko.
The leopard gecko is heavily wounded.
The leopard gecko bites you.
* * * LOW HITPOINT WARNING * * *
You closely miss the leopard gecko.
The leopard gecko is heavily wounded.
The leopard gecko bites you.
You die...

#.. #.# #.# ###.###
# #.....# #.####
#.#.#.# #..l.#
#.#.#.#
######@###.#.#.####
#.................#
#.####.#####.####.#
#.# #....#.#####
#.# #...........
#.# #....####.##
#.. .....## #...#
### ##.... #....
#####.##...#


You could see a leopard gecko.

Vanquished Creatures
  2 bats (D:1)
  2 giant cockroaches (D:1)
  A goblin (D:1)
  4 jackals (D:1)
  2 kobolds (D:1)
  A rat (D:1)
12 creatures vanquished.

Notes
Turn   | Place    | Note
-------+----------+-------------------------------------------
     0 | D:1      | xSliceyx the Felid Enchanter began the quest for the Orb.
     0 | D:1      | Reached XP level 1. HP: 7/7 MP: 4/4
   297 | D:1      | Reached XP level 2. HP: 11/11 MP: 6/6
   420 | D:1      | Slain by a leopard gecko

Illustrated notes

Levels and vault maps discovered:
D:1:      lightli_arrival_statuegarden, layout_loops_ring

Skill      XL: |  1  2 |
---------------+-------+-----
Dodging        | 3 |  3.0
Stealth        | |  4.2
Unarmed Combat | |  1.3
Spellcasting   | |  2.2
Hexes          | |  4.6

Action                   || total
-------------------------++-------
Melee: Unarmed           ||    46
       Bite              ||     2
 Stab: Sleeping          ||     4
Armor: Skin              ||     3
Dodge: Dodged            ||    30
